 Dungeon Crawl Stone Soup version 0.25.0-1-g7eea58d2a3 (webtiles) character file.

Game seed: 402973550776923121

8603 Delamore the Basher (level 11, -7/67 HPs)
             Began as a Gargoyle Fighter on June 14, 2020.
             Was a High Priest of Okawaru.
             Killed from afar by an acid dragon (11 damage)
             ... with a splash of acid
             ... on level 13 of the Dungeon.
             The game lasted 00:15:33 (12008 turns).

Delamore the Basher (Gargoyle Fighter)             Turns: 12008, Time: 00:15:33

Health: -7/67      AC: 16    Str: 29    XL:     11   Next: 33%
Magic:  8/11       EV:  6    Int:  9    God:    Okawaru [*****.]
Gold:   575        SH: 11    Dex:  9    Spells: 10/10 levels left

rFire    . . .     SeeInvis +   a - +0 flail
rCold    . . .     Gourm    .   c - +0 kite shield
rNeg     + . .     Faith    .   L - +0 plate armour
rPois    ∞         Spirit   .   A - +0 helmet
rElec    +         Reflect  .   I - +2 cloak
rCorr    .         Harm     .   y - +2 pair of gloves
MR       .....                  Q - +0 pair of boots {run}
Stlth    ..........             (no amulet)
HPRegen  0.21/turn              K - ring of see invisible
MPRegen  0.12/turn              M - +6 ring of strength

@: mighty, corroded, very slightly contaminated, hasted, very quick
A: negative energy resistance 1, electricity resistance, unbreathing,
petrification resistance, rot immunity, AC +8
a: Heroism, Finesse, Renounce Religion


You were on level 13 of the Dungeon.
You worshipped Okawaru.
Okawaru was extremely pleased with you.
You were hungry.

You visited 1 branch of the dungeon, and saw 11 of its levels.
You also visited: Sewer.

You collected 575 gold pieces.

Inventory:

Hand Weapons
 a - a +0 flail (weapon)
Missiles
 n - 57 poisoned darts (quivered)
 t - 2 throwing nets
 S - 7 curare-tipped darts
Armour
 c - a +0 kite shield (worn)
 y - a +2 pair of gloves (worn)
 A - a +0 helmet (worn)
 I - a +2 cloak (worn)
 L - a +0 plate armour (worn)
 Q - a +0 pair of boots of running (worn)
Jewellery
 K - a ring of see invisible (left hand)
 M - a +6 ring of strength (right hand)
Wands
 x - a wand of paralysis (9)
 O - a wand of digging (5)
 R - a wand of enslavement (8)
Scrolls
 b - a scroll of blinking
 e - 2 scrolls of immolation
 h - 5 scrolls of remove curse
 j - 5 scrolls of teleportation
 z - a scroll of fog
 C - a scroll of magic mapping
 D - 2 scrolls of amnesia
 E - a scroll of noise
 H - a scroll of enchant weapon
 J - a scroll of random uselessness
 N - a scroll of torment
 P - 2 scrolls of identify
Potions
 d - 5 potions of might
 g - a potion of berserk rage {unknown}
 k - 2 potions of brilliance {unknown}
 l - a potion of flight {unknown}
 m - 3 potions of degeneration {unknown}
 o - 7 potions of curing
 q - 2 potions of ambrosia {unknown}
 r - a potion of haste
 s - 2 potions of lignification {unknown}
 v - a potion of resistance {unknown}
 w - a potion of invisibility {unknown}
 B - a potion of stabbing {unknown}
 F - a potion of cancellation {unknown}
 G - a potion of mutation {unknown}
Miscellaneous
 U - a phantom mirror
Comestibles
 f - 16 rations


   Skills:
 + Level 7.5 Fighting
 - Level 14.4 Maces & Flails
 - Level 3.2 Armour
 + Level 7.5 Shields


You had 10 spell levels left.
You didn't know any spells.
Your spell library contained the following spells:

 Spells                   Type           Power        Failure   Level  Hunger
 Beastly Appendage        Tmut           #.....       100%        1    ##.....
 Foxfire                  Conj/Fire      #...         100%        1    ##.....
 Magic Dart               Conj           #...         100%        1    ##.....
 Blink                    Tloc           N/A          100%        2    ###....
 Call Imp                 Summ           #.......     100%        2    ###....
 Slow                     Hex            #.......     100%        2    ###....
 Sticks to Snakes         Tmut           #.......     100%        2    ###....
 Conjure Flame            Conj/Fire      #.......     100%        3    ####...
 Inner Flame              Hex/Fire       #.......     100%        3    ####...
 Mephitic Cloud           Conj/Pois/Air  #.......     100%        3    ####...
 Spider Form              Tmut/Pois      #.........   100%        3    ####...
 Cause Fear               Hex            #.........   100%        4    #####..
 Ice Form                 Ice/Tmut       #.......     100%        4    #####..
 Sticky Flame             Conj/Fire      #.......     100%        4    #####..
 Blade Hands              Tmut           #.........   100%        5    ######.
 Bolt of Magma            Conj/Fire/Erth #.........   100%        5    ######.
 Fireball                 Conj/Fire      #.........   100%        5    ######.
 Iskenderun's Battlesphe  Conj/Chrm      #.......     100%        5    ######.
 Silence                  Hex/Air        #.........   100%        5    ######.
 Yara's Violent Unravell  Hex/Tmut       #.........   100%        5    ######.
 Iron Shot                Conj/Erth      #.........   100%        6    #######
 Orb of Destruction       Conj           #.........   100%        7    #######
 Spellforged Servitor     Conj/Summ      #.........   100%        7    #######
 Discord                  Hex            #.........   100%        8    #######


Dungeon Overview and Level Annotations

Branches:
Dungeon (10/15)            Temple (0/1) D:6            Lair (0/6) D:10
  Sewer (visited)
    Orc: D:9-12

Altars:
Ashenzari
Cheibriados
Dithmenos
Elyvilon
Hepliaklqana
Kikubaaqudgha
Okawaru
Qazlal
Ru
Uskayaw
Xom
Zin

Shops:
D:7 %   D:8 [


Innate Abilities, Weirdness & Mutations

You are resistant to torment.
Your stone body is resilient. (AC +8)
You are immune to poison.
You resist negative energy. (rN+)
You are resistant to electric shocks. (rElec)
You can survive without breathing.
You are immune to petrification.
You are immune to rotting.


Message History

You are very lightly contaminated with residual magic.
As you read the scroll of blinking, it crumbles to dust.
A troll comes into view.
The troll shouts!
Okay, then.
You hear the stately tolling of a very distant bell.
Evoke which item? (* to show all) (? for menu, Esc to quit)
Aiming: Paralyse
Press: ? - help, Shift-Dir - straight line, f - acid dragon
Aim: an acid dragon (chance to defeat MR: 46%)
Okay, then.
Evoke which item? (* to show all) (? for menu, Esc to quit)
Aiming: Phantom Mirror
Press: ? - help, Dir - move target cursor, f - acid dragon
Aim: an acid dragon You reflect the acid dragon with the mirror, and the mirror shatters!
Your acid dragon bites the acid dragon!
Your acid dragon claws the acid dragon.
The acid dragon spits acid at you. The splash of acid hits you!
You die...

################
#........@.....#
#..............#
#.....####.....+
##....# ..D..#
#....# ..D..#
#.###.# ###..#
#.# #.# ..# #.#
#.# .## #.####
#.###.# ##+###


You could see an acid dragon (catching breath) and a friendly acid dragon
(summoned, drained).

Vanquished Creatures
  A cyclops (D:9)
  A troll (D:9)
  3 slime creatures (D:9)
  A hippogriff (D:9)
  A wraith (D:10)
  A wyvern (D:9)
  Eustachio (D:6)
  A hungry ghost (D:8)
  The ghost of kelmiir the Changer, an amateur OpTm (D:3)
  A water moccasin (D:6)
  5 orc warriors
  5 ice beasts
  3 sky beasts
  3 black bears
  3 phantoms
  10 ogres
  6 centaurs
  A crocodile (D:10)
  A wyvern zombie (D:6)
  6 bullfrogs
  3 scorpions
  A wyvern skeleton (D:7)
  10 killer bees
  5 howler monkeys
  2 jellies
  4 crimson imps
  3 bullfrog zombies
  2 centaur zombies
  4 quasits
  4 orc priests
  A centaur skeleton (D:4)
  8 hounds
  5 orc wizards
  Crazy Yiuf (D:6)
  A bullfrog skeleton (D:9)
  A gnoll shaman (D:5)
  3 iguanas
  7 worker ants
  A hound skeleton (D:8)
  A worker ant zombie (D:9)
  13 gnolls
  19 adders
  3 shadow imps
  An adder zombie (D:7)
  4 adder skeletons
  4 worms
  3 dart slugs
  3 leopard geckos
  31 orcs
  9 giant cockroaches
  4 goblins
  8 hobgoblins
  9 jackals
  2 quokkas
  7 ball pythons
  12 frilled lizards
  14 kobolds
  A leopard gecko skeleton (D:4)
  2 leopard gecko zombies
  A quokka zombie (D:9)
  5 rats
277 creatures vanquished.

Vanquished Creatures (others)
  A centaur zombie (D:13)
  A boggart (D:9)
  2 fungi (D:10)
  2 plants (D:10)
6 creatures vanquished.

Grand Total: 283 creatures vanquished

Notes
Turn   | Place    | Note
-------+----------+-------------------------------------------
     0 | D:1      | Delamore the Gargoyle Fighter began the quest for the Orb.
     0 | D:1      | Reached XP level 1. HP: 14/14 MP: 1/1
   457 | D:1      | Reached XP level 2. HP: 19/19 MP: 2/2
   526 | D:1      | Reached skill level 3 in Maces & Flails
  1070 | D:2      | You fall into a shaft and drop 1 floor!
  1075 | D:3      | Found a hazy altar of Hepliaklqana.
  1139 | D:3      | Reached XP level 3. HP: 19/23 MP: 3/3
  1160 | D:3      | Reached skill level 4 in Maces & Flails
  1230 | D:3      | Reached XP level 4. HP: 6/28 MP: 4/4
  1710 | D:2      | Found a shimmering altar of Xom.
  2263 | D:2      | Found an iron altar of Okawaru.
  2286 | D:2      | Became a worshipper of Warmaster Okawaru
  2289 | D:2      | Reached skill level 5 in Maces & Flails
  2289 | D:2      | Reached XP level 5. HP: 22/32 MP: 5/5
  2505 | D:3      | Found a runed translucent door.
  2658 | D:3      | Noticed kelmiir's ghost (amateur OpTm)
  2674 | D:3      | Reached skill level 6 in Maces & Flails
  2687 | D:3      | Killed kelmiir's ghost
  2687 | D:3      | Reached * piety under Okawaru
  2687 | D:3      | Reached XP level 6. HP: 12/37 MP: 6/6
  2917 | D:3      | Found a sacrificial altar of Ru.
  2919 | D:3      | Found a snail-covered altar of Cheibriados.
  3767 | D:4      | Reached skill level 7 in Maces & Flails
  3885 | D:4      | Reached XP level 7. HP: 39/41 MP: 7/7
  4271 | D:4      | Found a glowing silver altar of Zin.
  4290 | D:4      | Reached skill level 8 in Maces & Flails
  4476 | D:4      | Reached ** piety under Okawaru
  4906 | D:5      | Entered Level 5 of the Dungeon
  4935 | D:5      | Reached skill level 9 in Maces & Flails
  4935 | D:5      | Reached XP level 8. HP: 45/46 MP: 8/8
  5011 | D:5      | Found a shadowy altar of Dithmenos.
  5083 | D:5      | Found a glowing drain.
  5111 | Sewer    | Entered a sewer
  5217 | Sewer    | Reached skill level 10 in Maces & Flails
  5891 | D:5      | Reached *** piety under Okawaru
  5906 | D:5      | Found a hide-covered altar of Uskayaw.
  6474 | D:5      | Reached skill level 11 in Maces & Flails
  6474 | D:5      | Reached XP level 9. HP: 51/51 MP: 9/9
  6772 | D:6      | Found a runed translucent door.
  6773 | D:6      | Noticed Crazy Yiuf
  7081 | D:5      | Found a stormy altar of Qazlal.
  7109 | D:6      | Reached **** piety under Okawaru
  7133 | D:6      | Found a white marble altar of Elyvilon.
  7141 | D:6      | Found a shattered altar of Ashenzari.
  7146 | D:6      | Reached skill level 12 in Maces & Flails
  7494 | D:6      | Found a staircase to the Ecumenical Temple.
  7757 | D:6      | Noticed Eustachio
  7807 | D:6      | Killed Eustachio
  7929 | D:6      | Killed Crazy Yiuf
  7979 | D:7      | Found a snail-covered altar of Cheibriados.
  8053 | D:6      | Reached skill level 13 in Maces & Flails
  8516 | D:7      | Reached ***** piety under Okawaru
  8516 | D:7      | Reached XP level 10. HP: 52/56 MP: 10/10
  8640 | D:7      | Found Pysoffud's Food Shoppe.
  8720 | D:7      | Found an ancient bone altar of Kikubaaqudgha.
  9141 | D:8      | Found Tidd's Armour Shoppe.
  9508 | D:8      | Reached skill level 14 in Maces & Flails
  9777 | D:9      | Received a gift from Okawaru
  9785 | D:9      | Identified a +0 pair of boots of running (Okawaru gifted it
                  | to you on level 9 of the Dungeon)
 10046 | D:9      | Got an iridescent war axe
 10047 | D:9      | Identified the +4 war axe "Nelusk" {vorpal, rN+ MR+ Int+2}
                  | (You found it on level 9 of the Dungeon)
 10518 | D:9      | Reached skill level 5 in Fighting
 10518 | D:9      | Reached skill level 5 in Shields
 11039 | D:9      | Noticed a cyclops
 11042 | D:9      | Reached XP level 11. HP: 64/64 MP: 11/11
 11081 | D:9      | Killed a cyclops
 11089 | D:9      | Got a shimmering triple sword
 11117 | D:9      | Identified the cursed +2 triple sword of the Mushroom
                  | {elec, Int+3} (You found it on level 9 of the Dungeon)
 11424 | D:10     | Entered Level 10 of the Dungeon
 11632 | D:10     | Found a staircase to the Lair.
 11928 | D:10     | You fall into a shaft and drop 3 floors!
 11956 | D:13     | Noticed a manticore
 11986 | D:13     | HP: 2/67 [acid (11)]
 12008 | D:13     | Killed from afar by an acid dragon

Illustrated notes

Levels and vault maps discovered:
D:1:      minmay_arrival_nine_rooms, layout_basic, minmay_tall_x
D:2:      layout_loops_ring, okawaru_altar_gauntlet_db, old_standard_altar,
          first_ration
D:3:      layout_basic, grunt_temple_overflow_open, ebering_ghost_sewer_d
D:4:      layout_basic, lemuel_round_altar
D:5:      layout_loops_ring, kennysheep_mini_moat,
          nicolae_overflow_crystal_walls, nicolae_overflow_hidden_temple,
          cheibrodos_sewer_entry_drain
D:6:      layout_basic, kennysheep_mini, old_standard_altar,
          minmay_temple_entry_offerings, uniq_eustachio, uniq_crazy_yiuf_cottage
D:7:      layout_rooms, overflow_temple_1_default, serial_shops, shop,
          basic_altar, minmay_splitting_lines, kennysheep_cross_bottleneck
D:8:      layout_rooms, serial_shops, shop
D:9:      minmay_the_grid_octo_tiled_squarecenter
          [minmay_the_grid_octo_checkerflower, minmay_the_grid_octo_concentric,
          minmay_the_grid_octo_clover, minmay_the_grid_octo_odd_swirl,
          minmay_the_grid_square_5x5_megaprize_open,
          minmay_the_grid_square_5x5_fancy_junction,
          minmay_the_grid_square_5x5_z,
          minmay_the_grid_square_5x5_inverted_slash,
          minmay_the_grid_square_5x5_six_small], layout_stronghold,
          serial_glass, glass_columns_c, glass_columns_a
D:10:     layout_roguey, grunt_lair_entry_orc_guard_hut, serial_curves,
          eino_curves_03, eino_curves_03, grunt_ogre_cave,
          chequers_decorated_corner, uniq_maggie
D:13:     layout_roguey, serial_shops, bzr_in_the_mist, minivault_24

Skill      XL: |  1  2  3  4  5  6  7  8  9 10 11 |
---------------+----------------------------------+-----
Maces & Flails | 3 4 5 6 7 9 11 13 14 | 14.4
Fighting       | 6 7 |  7.5
Shields        | 6 7 |  7.5
Armour         | |  3.2

Action                   |  1- 3 |  4- 6 |  7- 9 | 10-12 || total
-------------------------+-------+-------+-------+-------++-------
Melee: Flail             |   117 |   212 |   686 |   628 ||  1643
Invok: Finesse           |       |       |       |     2 ||     2
Evoke: Wand              |       |       |       |     1 ||     1
       Phantom mirror    |       |       |       |     1 ||     1
  Use: Scroll            |       |     2 |     3 |     9 ||    14
       Potion            |       |       |     2 |     4 ||     6
  Eat: Chunk             |     1 |     9 |    13 |    11 ||    34
       Ration            |       |       |     1 |     1 ||     2
Armor: Scale mail        |    56 |       |       |       ||    56
       Ring mail         |    10 |    99 |   342 |   152 ||   603
       Plate armour      |       |       |       |   280 ||   280
Dodge: Dodged            |    29 |    69 |   221 |   202 ||   521
Block: Kite shield       |    72 |   125 |   314 |   211 ||   722
